 Dungeon Crawl Stone Soup version 0.31-a0-83-gbff143cfd1 (webtiles) character file.

Game seed: 1152054474817403023

4549 Esekla the Covert (level 10, -6/69 HPs)
             Began as an Octopode Delver on May 25, 2023.
             Was an Initiate of Gozag.
             Mangled by a gnoll sergeant
             ... wielding a +3 spear of venom
              (8 damage)
             ... on level 9 of the Dungeon.
             The game lasted 00:40:10 (8974 turns).

Esekla the Covert (Octopode Delver)                 Turns: 8974, Time: 00:40:11

Health: -6/69      AC:  1    Str: 17    XL:     10   Next: 40%
Magic:  26/26      EV: 15    Int: 22    God:    Gozag
Gold:   299        SH:  8    Dex: 18    Spells: 18/18 levels left

rFire   . . .        v - +7 short sword "Mifiab" {freeze, rC+ Int+5 Dex+4}
rCold   + + .        g - +2 buckler
rNeg    . . .        (helmet restricted)
rPois   .            (no amulet)
rElec   .            h - +6 ring of strength
rCorr   .            l - ring of protection from cold
SInv    .            m - ring of magical power
Will    .....        (no ring)
Stlth   ++++++       (no ring)
HPRegen 0.31/turn    (no ring)
MPRegen 0.20/turn    (no ring)
                     (no ring)

%: no passive effects
@: lethally poisoned (-6 -> -33)
A: almost no armour, amphibious, 8 rings, camouflage 1, gelatinous body 1,
(nimble swimmer 1), tentacles
a: Renounce Religion, Potion Petition, Call Merchant, Bribe Branch


You were on level 9 of the Dungeon.
You worshipped Gozag.
Gozag was aware of your devotion.
You visited 2 branches of the dungeon, and saw 10 of its levels.

You collected 1821 gold pieces.
You spent 48 gold pieces at shops.
You paid 1474 gold pieces to Gozag.

Inventory:

Hand Weapons
 a - the +3 falchion "Tyaddyurch" {heavy, Int+3}
   (You found it on level 5 of the Dungeon)

   Int:       It affects your intelligence (+3).
 n - a +2 dagger of venom
 r - a +0 spear of venom
 v - the +7 short sword "Mifiab" (weapon) {freeze, rC+ Int+5 Dex+4}
   (You found it on level 3 of the Dungeon)

   Int:       It affects your intelligence (+5).
   Dex:       It affects your dexterity (+4).
   rC:        It protects you from cold.
Missiles
 q - 13 boomerangs (quivered)
 y - 19 poisoned darts
 B - 2 throwing nets
Armour
 g - a +2 buckler (worn)
Jewellery
 h - a +6 ring of strength (left tentacle)
 l - a ring of protection from cold (right tentacle)
 m - a ring of magical power (on tentacle)
Wands
 f - a wand of digging (3)
 A - a wand of iceblast (4)
 F - a wand of mindburst (9)
Scrolls
 b - 3 scrolls of fog
 d - 3 scrolls of fear
 i - a scroll of brand weapon {unknown}
 j - a scroll of enchant weapon {unknown}
 t - a scroll of enchant armour {unknown}
 x - 2 scrolls of silence
 C - a scroll of blinking {unknown}
Potions
 c - 3 potions of cancellation
 e - 2 potions of haste
 k - a potion of brilliance {unknown}
 o - a potion of ambrosia {unknown}
 p - 2 potions of attraction
 s - 4 potions of curing {unknown}
 u - 2 potions of berserk rage {unknown}
 w - 3 potions of resistance
 z - 2 potions of heal wounds
 D - 2 potions of might
 E - a potion of lignification {unknown}
 G - a potion of enlightenment {unknown}


   Skills:
 * Level 6.5 Fighting
 + Level 5.7(7.0) Short Blades
 * Level 6.0(7.1) Long Blades
 + Level 2.3 Throwing
 * Level 5.5 Dodging
 + Level 10.4 Stealth
 * Level 4.8 Shields
 * Level 4.7 Spellcasting


You had 18 spell levels left.
You didn't know any spells.
Your spell library contained the following spells:

 Spells                   Type           Power      Damage    Failure   Level
 Ensorcelled Hibernation  Hex/Ice        4%         N/A       26%         2
 Passwall                 Tmut/Erth      1%         N/A       26%         2
 Swiftness                Air            5%         N/A       36%         3
 Stone Arrow              Conj/Erth      4%         3d7       45%         3
 Lehudib's Crystal Spear  Conj/Erth      1%         10d2      100%        8
 Animate Armour           Summ/Erth      Unusable   N/A       N/A         4

Dungeon Overview and Level Annotations

Branches:
Dungeon (9/15)             Temple (1/1) D:5
   Lair: D:8-11         Orc: D:9-12

Altars:
Ashenzari
Cheibriados
Dithmenos
Elyvilon
Fedhas
Gozag
Hepliaklqana
Kikubaaqudgha
Makhleb
Nemelex Xobeh
Okawaru
Qazlal
Ru
Sif Muna
Trog
Uskayaw
Vehumet
Wu Jian
Xom
Yredelemnul
The Shining One

Shops:
D:7 =   D:8 ?

Annotations:
D:7 3 runed translucent doors, Sabo's ghost, novice VSFi; garrulousMonolith's ghost, novice GrFi


Innate Abilities, Weirdness & Mutations

You cannot wear most types of armour.
You are amphibious.
You can wear up to eight rings at the same time.
Your skin changes colour to match your surroundings (Stealth+).
Your rubbery body absorbs attacks. (AC +1, EV +1)
((You are camouflaged when in or above water. (Stealth+)))
You have tentacles for arms and can constrict up to eight enemies at once.


Message History

Found a pair of boots.
The gnoll sergeant shouts!
The warg howls!
The warg pauses to sniff the ground.
The howler monkey howls!
You hit the warg. You freeze the warg.
The warg is lightly wounded.
The warg bites you!
You hit the warg but do no damage.
The warg is lightly wounded.
The warg bites you!
You completely miss the warg.
The warg is lightly wounded.
The gnoll sergeant barely misses you.
You closely miss the warg. Your squeeze misses the warg.
The warg is lightly wounded.
The warg closely misses you. You block the gnoll sergeant's attack.
You hit the warg. You freeze the warg.
The warg is moderately wounded.
The warg bites you!
You miss the warg.
The warg is moderately wounded.
You block the warg's attack.
The gnoll sergeant hits you from afar with a +3 spear of venom!
You are poisoned.
You closely miss the warg. You squeeze the warg.
The warg is moderately wounded.
You feel very sick. The warg bites you.
The gnoll sergeant hits you from afar with a +3 spear of venom!
* * * LOW HITPOINT WARNING * * *
You are more poisoned.
You puncture the warg! You freeze the warg.
The warg is almost dead.
* * * LOW HITPOINT WARNING * * *
You feel very sick. The warg bites you.
* * * LOW HITPOINT WARNING * * *
The gnoll sergeant hits you from afar with a +3 spear of venom!
You die...
Your body crumbles into a pile of gold.

.....#........<...##
.#####
....z#.............
#....
....z#...........#
#....
.....#...........#
#..<.
.....#...........#
#....
.#####)..........#
#....
.#...))..........#
#....
##...)...........#
#....
................@#
#....
......##+#######h#
###+# ......# #g#
......# #h# ......#
#.# ......#
#........ .........
......... ....P....
[.........
...~~~~~~~
~~~~~~≈~~..


You could see a warg, a gnoll sergeant and a howler monkey.

Vanquished Creatures
  Psyche (D:8)
  A shadow (D:6)
  5 yaks (D:8)
  Eustachio (D:4)
  A wyvern (D:7)
  A black bear (D:7)
  4 orc warriors
  An ice beast (D:7)
  2 ogres
  2 centaurs (D:8)
  2 kobold brigands
  A phantom (D:7)
  Blork the orc (D:4)
  4 bullfrogs
  3 gnoll sergeants
  5 scorpions
  A wight (D:9)
  6 killer bees (D:7)
  4 hounds
  7 orc priests
  3 iguanas
  7 orc wizards
  A sleepcap (D:5)
  14 gnolls
  10 adders
  A shadow imp (D:5)
  6 white imps
  A worm (D:4)
  4 dart slugs
  36 orcs
  2 ball pythons
  2 bats (D:1)
  9 endoplasms
  2 giant cockroaches
  14 goblins
  12 hobgoblins
  4 jackals (D:3)
  16 kobolds
  4 quokkas
  4 frilled lizards
  9 rats
214 creatures vanquished.

Notes
Turn   | Place    | Note
-------+----------+-------------------------------------------
     0 | D:5      | Esekla the Octopode Delver began the quest for the Orb.
     0 | D:5      | Reached XP level 1. HP: 16/16 MP: 1/1
    10 | D:5      | Reached XP level 2. HP: 13/21 MP: 2/2
   130 | D:5      | Found a staircase to the Ecumenical Temple.
   154 | Temple   | Entered the Ecumenical Temple
   273 | D:5      | Noticed an ogre
   279 | D:5      | Reached skill level 7 in Stealth
   474 | Temple   | Became a worshipper of Gozag Ym Sagoz the Greedy
   521 | D:4      | Noticed a scorpion
   607 | D:4      | Noticed Eustachio
   796 | D:3      | Reached XP level 3. HP: 26/26 MP: 3/3
   979 | D:3      | Reached XP level 4. HP: 16/31 MP: 5/5
  1057 | D:3      | Reached skill level 1 in Spellcasting
  1270 | D:2      | Found a faded altar of an unknown god.
  1744 | D:1      | Reached XP level 5. HP: 36/36 MP: 6/6
  2437 | D:3      | Found an ancient bone altar of Kikubaaqudgha.
  2442 | D:3      | Found a snail-covered altar of Cheibriados.
  2444 | D:3      | Found a radiant altar of Vehumet.
  2445 | D:3      | Found a shimmering blue altar of Sif Muna.
  2452 | D:3      | Found a hazy altar of Hepliaklqana.
  2455 | D:3      | Identified the +10 whip of Ocedwigy {freeze, Str+6}
  2640 | D:3      | Identified the +7 short sword "Mifiab" {freeze, rC+ Int+5
                  | Dex+4}
  2827 | D:3      | Found a basalt altar of Yredelemnul.
  2895 | D:3      | Found a sparkling altar of Nemelex Xobeh.
  3137 | D:4      | Reached skill level 8 in Stealth
  3178 | D:4      | Noticed Blork the orc
  3183 | D:4      | Killed Blork the orc
  3184 | D:4      | Reached XP level 6. HP: 35/43 MP: 8/8
  3223 | D:4      | Killed Eustachio
  3224 | D:4      | Reached skill level 1 in Short Blades
  3224 | D:4      | Reached skill level 1 in Shields
  3356 | D:4      | Found a stormy altar of Qazlal.
  3442 | D:4      | Reached XP level 7. HP: 40/48 MP: 9/9
  3981 | D:4      | Found the +2 ratskin cloak {*Rats rPois rN+ Str-1 Int-1
                  | Dex+1}
  4303 | D:5      | Identified the +3 falchion "Tyaddyurch" {heavy, Int+3}
  4435 | D:5      | Reached skill level 9 in Stealth
  4435 | D:5      | Reached XP level 8. HP: 31/54 MP: 11/11
  5017 | D:6      | Noticed a shadow
  5422 | D:6      | Killed a shadow
  6127 | D:6      | Reached skill level 1 in Throwing
  6229 | D:7      | Reached skill level 5 in Fighting
  6229 | D:7      | Reached XP level 9. HP: 61/61 MP: 13/13
  6564 | D:7      | Reached skill level 5 in Long Blades
  6788 | D:7      | Reached skill level 10 in Stealth
  6926 | D:7      | Found a runed translucent gate.
  6927 | D:7      | Found a runed translucent gate.
  6928 | D:7      | Found a runed translucent gate.
  6929 | D:7      | Noticed Sabo's ghost (novice VSFi)
  6930 | D:7      | Noticed garrulousMonolith's ghost (novice GrFi)
  7540 | D:8      | Reached skill level 5 in Short Blades
  7616 | D:8      | Reached skill level 5 in Dodging
  7616 | D:8      | Reached XP level 10. HP: 26/68 MP: 16/16
  8005 | D:8      | Noticed Psyche
  8179 | D:8      | Killed Psyche
  8385 | D:8      | Bought a scroll of identify for 24 gold pieces
  8385 | D:8      | Bought a scroll of identify for 24 gold pieces
  8664 | D:9      | Noticed a two-headed ogre
  8974 | D:9      | HP: 2/69 [warg (3)]
  8974 | D:9      | Mangled by a gnoll sergeant

Illustrated notes

Levels and vault maps discovered:
D:1:      tarquinn_simple_flora_water_e, layout_loops_ring,
          minmay_misc_feat_roman, chequers_serial_rivers_micro_a,
          solitary_fountain
D:2:      kennysheep_the_goblin_king, layout_rooms,
          shapermc_ecumenical_altar_totnotflames
D:3:      cheibrodos_greedy_goblins, layout_loops_ring, lemuel_doored_altar,
          nicolae_overflow_hallway_of_the_gods, nemelex_diamond_rough_becter
D:4:      layout_gridville, nicolae_qazlal_scattered_showers,
          uniq_blork_the_orc, uniq_eustachio
D:5:      layout_basic, minmay_temple_entry_nine_rooms
D:6:      layout_gridville, nicolae_titane
D:7:      minmay_angry_zag, layout_loops_ring, gammafunk_ghost_cemetery
D:8:      layout_rooms, kennysheep_generic_room_15, uniq_psyche
D:9:      lemuel_castle_with_subvaults [lemuel_castle_interior_original],
          layout_irregular_city, uniq_grum
Temple:   dshaligram_water_room_temple

Skill      XL: |  1  2  3  4  5  6  7  8  9 10 |
---------------+-------------------------------+-----
Stealth        | 7 8 9 10 | 10.4
Spellcasting   | 1 2 3 4 |  4.7
Long Blades    | 3 4 5 6 |  6.0
Short Blades   | 1 2 3 5 |  5.7
Dodging        | 3 4 5 |  5.5
Shields        | 1 2 3 4 |  4.8
Fighting       | 4 5 6 |  6.5
Throwing       | 1 2 |  2.3

Action                     |  1- 3 |  4- 6 |  7- 9 | 10-12 || total
---------------------------+-------+-------+-------+-------++-------
  Melee: Falchion          |    38 |    15 |       |       ||    53
         Constrict         |     9 |    32 |    38 |    21 ||   100
         Tentacles         |     8 |    18 |    44 |    27 ||    97
         Dagger            |       |    59 |       |       ||    59
         Short sword       |       |    45 |   216 |   103 ||   364
         Punch             |       |     2 |     3 |     1 ||     6
  Throw: Boomerang         |       |     2 |    12 |    10 ||    24
         Dart              |       |       |    10 |     1 ||    11
 Invoke: Call Merchant     |       |       |     1 |     1 ||     2
    Use: Scroll            |     1 |       |     6 |     3 ||    10
         Potion            |       |       |     1 |       ||     1
   Stab: Sleeping          |     2 |    18 |    17 |     2 ||    39
         Distracted        |       |       |     3 |       ||     3
 Armour: Skin              |       |     7 |     4 |       ||    11
  Dodge: Dodged            |    18 |    47 |    86 |    30 ||   181
  Block: Buckler           |       |     8 |    36 |    23 ||    67

Table legend: (Time is in decaauts)
 A = Elapsed time spent in this place.
 B = Non-inter-level travel time spent in this place.
 C = Inter-level travel time spent in this place.
 D = Time resting spent in this place.
 E = Time spent auto-exploring this place.
 F = Levels seen in this place.
 G = Mean time per level.
                   A        B        C        D        E       F      G
               +--------+--------+--------+--------+--------+-----+--------+
         Total |   8914 |   8585 |    329 |   1846 |   2239 |  10 |  891.4 |
       Dungeon |   8804 |   8524 |    280 |   1846 |   2192 |   9 |  978.2 |
        Temple |    109 |     61 |     48 |      0 |     47 |   1 |  109.0 |
               +--------+--------+--------+--------+--------+-----+--------+

Top non-repeatable levels by time:
     D:5: 1514 daAuts
     D:7: 1242 daAuts
     D:4: 1142 daAuts
     D:6: 1067 daAuts
     D:3: 1039 daAuts
     D:8: 890 daAuts
     D:2: 690 daAuts
     D:1: 656 daAuts
     D:9: 562 daAuts
  Temple: 109 daAuts
